 Dungeon Crawl Stone Soup version 0.23-a0-344-ge122d05 (webtiles) character file.

606 Garbasso the Digger (level 7, 0/42 HPs)
             Began as a Gargoyle Earth Elementalist on Oct 19, 2018.
             Killed by divine providence
             ... invoked by an orc priest
              (16 damage)
             ... on level 5 of the Dungeon.
             The game lasted 00:39:20 (4854 turns).

Garbasso the Digger (Gargoyle Earth Elementalist)   Turns: 4854, Time: 00:39:20

Health: 0/42       AC: 12    Str: 11    XL:     7   Next: 42%
Magic:  8/12       EV: 11    Int: 23    God:
Gold:   229        SH:  0    Dex: 10    Spells: 3/13 levels left

rFire    . . .     SeeInvis .   t - +0 mace
rCold    . . .     Gourm    .   (no shield)
rNeg     + . .     Faith    .   p - +0 leather armour
rPois    ∞         Spirit   .   (no helmet)
rElec    +         Reflect  .   (no cloak)
rCorr    .         Harm     .   (no gloves)
MR       .....                  (no boots)
Stlth    ++........             (no amulet)
HPRegen  0.14/turn              e - +5 ring of intelligence
MPRegen  0.13/turn              s - +5 ring of protection

@: no status effects
A: negative energy resistance 1, electricity resistance, unbreathing,
petrification resistance, rot immunity, AC +4
a: no special abilities


You were on level 5 of the Dungeon.
You were not hungry.

You visited 1 branch of the dungeon, and saw 5 of its levels.

You collected 229 gold pieces.

Inventory:

Hand Weapons
 m - a +0 dagger
 t - a +0 mace (weapon)
Missiles
 b - 32 stones (quivered)
Armour
 a - a +1 leather armour of magic resistance
 c - a +1 robe
 l - a +0 large shield
 p - a +0 leather armour (worn)
Jewellery
 e - a +5 ring of intelligence (left hand)
 s - a +5 ring of protection (right hand)
 u - an uncursed ring of stealth {unknown}
 C - an uncursed ring of positive energy {unknown}
Scrolls
 f - 2 scrolls of fear {unknown}
 g - a scroll of magic mapping
 i - a scroll of enchant armour
 j - 2 scrolls of random uselessness {unknown}
 k - 3 scrolls of enchant weapon {unknown}
 n - a scroll of identify
 r - 2 scrolls of remove curse {unknown}
 w - 2 scrolls of noise {unknown}
 y - a scroll of blinking {unknown}
 B - 4 scrolls of teleportation {unknown}
Potions
 h - 4 potions of might
 o - a potion of cancellation
 q - a potion of magic
 v - 2 potions of lignification
 x - a potion of heal wounds
 z - a potion of ambrosia
 A - 3 potions of curing
Comestibles
 d - 13 rations
 D - 3 chunks of flesh


   Skills:
 + Level 3.7 Fighting
 - Level 1.5 Dodging
 - Level 2.1 Stealth
 - Level 0.6 Shields
 + Level 3.8 Spellcasting
 + Level 2.1 Conjurations
   Level 0.7 Transmutations
 * Level 7.2 Earth Magic


You had 3 spell levels left.
You knew the following spells:

 Your Spells              Type           Power        Failure   Level  Hunger
a - Sandblast             Erth           #####.       1%          1    None
b - Stone Arrow           Conj/Erth      ####..       6%          3    ###....
c - Lee's Rapid Deconstr  Erth           #####.....   21%         5    ######.
d - Animate Skeleton      Necr           N/A          14%         1    None

Your spell library contained the following spells:

 Spells                   Type           Power        Failure   Level  Hunger
 Passwall                 Tmut/Erth      ###.....     4%          2    #......
 Apportation              Tloc           #.....       14%         1    None
 Confusing Touch          Hex            #.....       14%         1    None
 Summon Small Mammal      Summ           #...         14%         1    None
 Petrify                  Tmut/Erth      ###.....     26%         4    ####...


Dungeon Overview and Level Annotations

Branches:
Dungeon (5/15)
 Temple: D:4-7

Altars:
Elyvilon
Gozag
Nemelex Xobeh
Uskayaw
The Shining One


Innate Abilities, Weirdness & Mutations

You are resistant to torment.
Your stone body is resilient. (AC +4)
You are immune to poison.
You resist negative energy. (rN+)
You are resistant to electric shocks. (rElec)
You can survive without breathing.
You are immune to petrification.
You are immune to rotting.


Message History

Confirm with . or Enter, or press ? or * to list all spells.
Aiming: Sandblast (safe; 1% risk of failure)
Press: ? - help, Shift-Dir - straight line, f - orc priest
Aim: an orc priest, wielding a +0 war axe The blast of sand misses the orc priest.
The blast of sand hits the orc.
You kill the orc!
b - 33 stones The orc priest closely misses you.
Casting: Sandblast (safe; 1% risk of failure)
Confirm with . or Enter, or press ? or * to list all spells.
Aiming: Sandblast (safe; 1% risk of failure)
Press: ? - help, Shift-Dir - straight line, f/p - orc priest
Aim: an orc priest, wielding a +0 war axe The blast of sand hits the orc priest.
The orc priest is heavily wounded.
b - 32 stones The orc priest mumbles some strange prayers to Beogh against you.
Beogh smites you!
You die...

#.# #......##.# ^.#
#.....Z##.#
#####........Z#########.
.............Z..........
####.......#####.######
######.....# #.#
.......#+### #Z#
.......# #Z# ....... #@#
....... #o# ####...
#)...o.Z. ... ###..oo#.
.. .##.# # #


You could see an orc priest, a friendly quokka skeleton and a friendly orc
skeleton.

Vanquished Creatures
  Duvessa (D:4)
  Dowan (D:4)
  A jelly (D:5)
  2 orc priests
  A centaur skeleton (D:4)
  2 bullfrog skeletons (D:4)
  An orc wizard (D:4)
  3 worker ants
  4 gnolls (D:2)
  2 adders
  2 oozes
  An adder zombie (D:5)
  5 worms
  4 leopard geckos
  14 orcs
  4 ball pythons
  6 bats
  14 giant cockroaches
  11 goblins
  4 hobgoblins
  3 jackals (D:3)
  2 quokkas
  4 frilled lizards
  8 kobolds
  A leopard gecko skeleton (D:4)
  A quokka skeleton (D:5)
  8 rats
110 creatures vanquished.

Vanquished Creatures (collateral kills)
  An orc (D:5)
  A goblin (D:3)
  A kobold (D:3)
  A quokka skeleton (D:4)
4 creatures vanquished.

Grand Total: 114 creatures vanquished

Notes
Turn   | Place    | Note
-------+----------+-------------------------------------------
     0 | D:1      | Garbasso the Gargoyle Earth Elementalist began the quest
                  | for the Orb.
     0 | D:1      | Reached XP level 1. HP: 10/10 MP: 3/3
   203 | D:1      | Reached skill level 4 in Earth Magic
   203 | D:1      | Reached XP level 2. HP: 16/16 MP: 3/5
   418 | D:1      | Reached skill level 1 in Fighting
   685 | D:1      | Reached XP level 3. HP: 20/20 MP: 6/6
   719 | D:1      | Learned a level 3 spell: Stone Arrow
  1546 | D:2      | Reached XP level 4. HP: 25/25 MP: 1/7
  1563 | D:2      | Reached skill level 5 in Earth Magic
  1892 | D:2      | Found a sparkling altar of Nemelex Xobeh.
  1904 | D:2      | Reached XP level 5. HP: 24/30 MP: 0/9
  2339 | D:2      | Learned a level 5 spell: Lee's Rapid Deconstruction
  2667 | D:3      | Learned a level 1 spell: Animate Skeleton
  3006 | D:3      | Reached skill level 6 in Earth Magic
  3147 | D:4      | Reached XP level 6. HP: 32/36 MP: 10/10
  3160 | D:4      | Found a hide-covered altar of Uskayaw.
  3160 | D:4      | Found a white marble altar of Elyvilon.
  3161 | D:4      | Found an opulent altar of Gozag.
  3449 | D:4      | Noticed Duvessa
  3449 | D:4      | Noticed Dowan
  3472 | D:4      | Killed Dowan
  3472 | D:4      | Reached skill level 1 in Conjurations
  4221 | D:4      | Found a glowing golden altar of the Shining One.
  4233 | D:4      | Killed Duvessa
  4233 | D:4      | Reached skill level 7 in Earth Magic
  4233 | D:4      | Reached XP level 7. HP: 35/41 MP: 5/12
  4702 | D:5      | Entered Level 5 of the Dungeon
  4854 | D:5      | Killed from afar by an orc priest

Vault maps used:
D:1:      erik_arrival_triangle_small
D:2:      minmay_roachtagon, nemelex_xobeh_ov_fountains_minmay
D:3:      minmay_misc_feat_diagonals, chequers_avenue, hangedman_glass_teeth,
          minivault_26, chequers_serial_rivers_micro_d
D:4:      nicolae_tso_carved_into_rock,
          chequers_temple_overflow_statue_of_worship, uniq_duvessa
D:5:      first_ration

Skill      XL: |  1  2  3  4  5  6  7 |
---------------+----------------------+-----
Earth Magic    | 4 5 6 7 |  7.2
Fighting       | 1 2 3 |  3.7
Spellcasting   | 3 |  3.8
Conjurations   | 1 2 |  2.1
Dodging        | |  1.5
Stealth        | |  2.1
Shields        | |  0.6
Transmutations | |  0.7

Action                   |  1- 3 |  4- 6 |  7- 9 || total
-------------------------+-------+-------+-------++-------
Melee: Unarmed           |    12 |       |       ||    12
       Dagger            |   125 |    29 |       ||   154
       Mace              |       |   112 |    17 ||   129
 Cast: Sandblast         |    33 |    77 |    13 ||   123
       Stone Arrow       |     4 |     2 |     1 ||     7
       Animate Skeleton  |       |    10 |     5 ||    15
  Use: Scroll            |       |     2 |     6 ||     8
 Stab: Sleeping          |     2 |     1 |     1 ||     4
  Eat: Chunk             |     3 |     6 |     1 ||    10
       Ration            |       |     1 |       ||     1
Armor: Robe              |    56 |   110 |       ||   166
       Leather armour    |       |       |    12 ||    12
Dodge: Dodged            |   100 |   159 |    15 ||   274

Table legend:
 A = Non-vault XP
 B = Vault XP
 C = Vault XP percentage of total XP
 D = Non-vault monster count
 E = Vault monster count
 F = Vault count percentage of total count
                 A         B        C        D         E       F
            +---------+---------+-------+---------+---------+-------
      Total |     633 |     233 |  26.9 |     102 |      12 |  10.5
            +---------+---------+-------+---------+---------+-------
        D:1 |      39 |       0 |   0.0 |      21 |       0 |   0.0
        D:2 |     165 |      20 |  10.8 |      20 |      10 |  33.3
        D:3 |      80 |       0 |   0.0 |      32 |       0 |   0.0
        D:4 |     278 |     213 |  43.4 |      18 |       2 |  10.0
        D:5 |      71 |       0 |   0.0 |      11 |       0 |   0.0
            +---------+---------+-------+---------+---------+-------
